 Dungeon Crawl Stone Soup version 0.24-a0-201-gf205589 (console) character file.

Game seed: 2564712175021386719

34 bli the Ducker (level 3, 0/31 HPs)
             Began as a Draconian Fighter on Mar 23, 2019.
             Succumbed to a kobold's poison
             ... on level 1 of the Dungeon.
             The game lasted 00:01:30 (474 turns).

bli the Ducker (Draconian Fighter)                   Turns: 474, Time: 00:01:31

Health: 0/31       AC:  5    Str: 18    XL:     3   Next: 14%
Magic:  3/3        EV: 11    Int:  8    God:
Gold:   34         SH:  9    Dex: 11    Spells: 2/2 levels left

rFire    . . .     SeeInvis .   a - +0 long sword
rCold    . . .     Gourm    .   b - +0 shield
rNeg     . . .     Faith    .   (armour unavailable)
rPois    .         Spirit   .   (helmet restricted)
rElec    .         Reflect  .   (no cloak)
rCorr    .         Harm     .   (no gloves)
MR       .....                  (no boots)
Stlth    +.........             (no amulet)
HPRegen  0.10/turn              (no ring)
MPRegen  0.08/turn              (no ring)

@: lethally poisoned (0 -> -8), very slightly contaminated, invisible
A: unfitting armour, cold-blooded, AC +5
a: no special abilities


You were on level 1 of the Dungeon.
You were not hungry.

You visited 1 branch of the dungeon, and saw 2 of its levels.

You collected 34 gold pieces.

Inventory:

Hand Weapons
 a - a +0 long sword (weapon)
Missiles
 g - 9 stones (quivered)
Armour
 b - a +0 shield (worn)
Scrolls
 i - a scroll of remove curse {unknown}
 j - a scroll of identify {unknown}
Potions
 c - a potion of might
 e - a potion of brilliance {unknown}
 h - a potion of invisibility
Comestibles
 d - a ration
 f - 6 chunks of flesh


   Skills:
 - Level 3.2 Fighting
 + Level 2.4 Long Blades
 * Level 3.6 Dodging
 - Level 3.0 Shields


You had 2 spell levels left.
You didn't know any spells.
Your spell library was empty.

Dungeon Overview and Level Annotations

Branches:
Dungeon (2/15)

Altars:


Innate Abilities, Weirdness & Mutations

Your plain brown scales are hard. (AC +5)
You cannot fit into any form of body armour.
You are cold-blooded and may be slowed by cold attacks.


Message History

You feel sick. The kobold barely misses you. The rat barely misses you.
The rat completely misses you.
You slash the rat!
You kill the rat!
* * * LOW HITPOINT WARNING * * *
You feel sick. You block the kobold's attack. The kobold barely misses you.
You hit the hobgoblin but do no damage.
* * * LOW HITPOINT WARNING * * *
You feel sick.
The hobgoblin hits you but does no damage.
A dart slug comes into view.
Found a scroll labeled LENOTO SASOIKH.
The helpless dart slug fails to defend itself.
You hit the dart slug.
The dart slug is moderately wounded.
The kobold hits you with a +0 short sword of venom.
* * * LOW HITPOINT WARNING * * *
You are more poisoned.
The kobold closely misses you.
You die...

...)......####.###.#
#.# ..........#
#.....# #.#
..........# #####.#
##.## .....(....# #.#
##...## ..........#
### ##..♣..##
.....?(...#
######.......##
.......####
.+.....♣.<.♣...
.........#
#.#####.......##
.....$...# ######..#
##..♣..## .........#
#...w.?# ##...##
.........###.# #@#
##÷##
...!.....)...###.#####
#.#
.......#####..gK$....#
#.# .......#
#.....?...# #.#
######## #.........#
#+# ########.## .# #


You could see a dart slug (wandering) and a kobold.

Vanquished Creatures
  An adder (D:2)
  An ooze (D:1)
  3 dart slugs (D:1)
  A leopard gecko (D:1)
  2 goblins (D:1)
  5 bats
  A frilled lizard (D:1)
  4 rats (D:1)
18 creatures vanquished.

Notes
Turn   | Place    | Note
-------+----------+-------------------------------------------
     0 | D:1      | bli the Draconian Fighter began the quest for the Orb.
     0 | D:1      | Reached XP level 1. HP: 19/19 MP: 1/1
   341 | D:2      | Reached XP level 2. HP: 26/26 MP: 2/2
   423 | D:1      | Reached XP level 3. HP: 20/31 MP: 3/3
   473 | D:1      | HP: 1/31 [kobold/+0 short sword of venom (3)]
   474 | D:1      | Succumbed to a kobold's poison

Levels and vault maps discovered:
D:1:      evilmike_arrival_plus, layout_basic
D:2:      layout_basic, overflow_temple_1_default,
          chequers_ecumenical_altar_twisty, minmay_divided_ellipse, uniq_robin

Skill      XL: |  1 |
---------------+----+-----
Dodging        | 3 |  3.6
Fighting       | |  3.2
Long Blades    | |  2.4
Shields        | |  3.0

Action                   || total
-------------------------++-------
Melee: Long sword        ||    48
       Tailslap          ||     5
  Use: Potion            ||     1
 Stab: Sleeping          ||     1
Armor: Skin              ||    25
Dodge: Dodged            ||    37
Block: Shield            ||    25
       Rpst.: Long sword ||    10

Table legend:
 A = Non-vault XP
 B = Vault XP
 C = Vault XP percentage of total XP
 D = Non-vault monster count
 E = Vault monster count
 F = Vault count percentage of total count
                 A         B        C        D         E       F
            +---------+---------+-------+---------+---------+-------
      Total |      49 |       0 |   0.0 |      18 |       0 |   0.0
            +---------+---------+-------+---------+---------+-------
        D:1 |      35 |       0 |   0.0 |      16 |       0 |   0.0
        D:2 |      14 |       0 |   0.0 |       2 |       0 |   0.0
            +---------+---------+-------+---------+---------+-------
